 Dungeon Crawl Stone Soup version 0.27.1-2-g3b301248ec (webtiles) character file.

Game seed: 18078414760574454259

14728 kopcap1349 the Spear-Bearer (level 11, 0/102 HPs)
             Began as a Minotaur Berserker on Sept 27, 2021.
             Was a Priest of Trog.
             Slain by a merfolk (14 damage)
             ... on level 1 of the Shoals.
             The game lasted 00:44:49 (10426 turns).

kopcap1349 the Spear-Bearer (Minotaur Berserker)   Turns: 10426, Time: 00:44:49

Health: 0/102      AC: 17    Str: 26    XL:     11   Next: 92%
Magic:  10/10      EV: 13    Int:  4    God:    Trog [***...]
Gold:   474        SH:  0    Dex:  9    Spells: 10/10 levels left

rFire    x . .     SeeInvis .   k - +2 trident (flame)
rCold    + . .     Faith    .   (no shield)
rNeg     . . .     Spirit   .   l - +1 acid dragon scales
rPois    .         Reflect  .   (helmet restricted)
rElec    .         Harm     .   (no cloak)
rCorr    +         Rampage  .   y - +0 pair of gloves
Will     ++...     Rnd*Tele +   (no boots)
Stlth    ++........             p - amulet of the acrobat
HPRegen  2.27/turn              j - ring of ice
MPRegen  0.12/turn              E - +4 ring of protection

@: engulfed (cannot breathe), strong-willed, on berserk cooldown, mesmerised,
regenerating, slowed, very slow
A: horns 2, retaliatory headbutt, hooves 1, iridescent scales 1, regeneration 1,
teleportitis 1
a: Renounce Religion, Berserk, Trog's Hand


You were on level 1 of the Shoals.
You worshipped Trog.
Trog was most pleased with you.
You visited 4 branches of the dungeon, and saw 13 of its levels.

You collected 586 gold pieces.
You spent 112 gold pieces at shops.

Inventory:

Hand Weapons
 c - a +1 hand axe
 i - a +0 halberd of flaming
 k - a +2 trident of flaming (weapon)
 m - a +3 flail
 o - a +2 dagger of venom
Missiles
 a - 3 throwing nets (quivered)
Armour
 b - a +0 buckler of cold resistance
 g - the +0 ring mail "Basosug" {Will+ Int+2}
   (You found it on level 6 of the Dungeon)

   Int:       It affects your intelligence (+2).
   Will:      It increases your willpower.
 l - +1 acid dragon scales (worn)
 v - a +0 plate armour
 y - a +0 pair of gloves (worn)
Jewellery
 j - a ring of ice (left hand)
 p - an amulet of the acrobat (around neck)
 x - a ring of ice
 E - a +4 ring of protection (right hand)
Wands
 s - a wand of flame (46)
 w - a wand of polymorph (5)
Scrolls
 e - 9 scrolls of identify
 f - 4 scrolls of teleportation
 h - 2 scrolls of fear
 t - a scroll of summoning
 u - 2 scrolls of fog
 C - a scroll of blinking {unknown}
 D - a scroll of magic mapping
 F - a scroll of enchant weapon
Potions
 d - a potion of brilliance
 n - 2 potions of heal wounds
 q - 2 potions of berserk rage {unknown}
 r - a potion of flight {unknown}
 z - 2 potions of magic {unknown}
 A - 2 potions of curing
 B - a potion of haste {unknown}


   Skills:
 + Level 11.5 Fighting
 + Level 6.3(11.3) Axes
 + Level 14.3(14.7) Polearms
 + Level 10.0 Armour
 + Level 7.2 Dodging
 + Level 3.0 Stealth


You had 10 spell levels left.
You didn't know any spells.
Your spell library was empty.

Dungeon Overview and Level Annotations

Branches:
Dungeon (8/15)             Temple (1/1) D:6            Lair (3/6) D:8
 Shoals (1/4) Lair:3        Snake (0/4) Lair:3

Altars:
Ashenzari
Dithmenos
Elyvilon
Gozag
Hepliaklqana
Makhleb
Nemelex Xobeh
Okawaru
Qazlal
Ru
Sif Muna
Trog
Vehumet
Yredelemnul
The Shining One

Shops:
Shoals:1 !


Innate Abilities, Weirdness & Mutations

You have a pair of horns on your head.
You reflexively headbutt those who attack you in melee.
You have large cloven feet.
You are partially covered in iridescent scales. (AC +2)
Your natural rate of healing is unusually fast.
You are occasionally teleported next to monsters.


Message History

You headbutt the merfolk avatar!
The merfolk avatar is severely wounded.
The shadowy forms in the deep grow still as others approach.
The merfolk avatar chants its luring song.
You hit the merfolk avatar but do no damage.
You kick the merfolk avatar, but do no damage.
The merfolk avatar is severely wounded.
The harpy claws you. The harpy closely misses you.
The water elemental hits you!
The harpy completely misses you. x3; You furiously retaliate!
You headbutt the harpy, but do no damage.
The harpy misses you.
The merfolk avatar chants its luring song.
You hit the merfolk avatar. You burn the merfolk avatar.
You kick the merfolk avatar, but do no damage.
The merfolk avatar is severely wounded.
The merfolk avatar chants its luring song.
The harpy misses you. You furiously retaliate!
You headbutt the harpy. The harpy closely misses you.
The water elemental hits you.
You puncture the merfolk avatar! You burn the merfolk avatar.
Your kick misses the merfolk avatar.
The merfolk avatar is almost dead.
The harpy claws you but does no damage. The harpy misses you.
The merfolk avatar chants its luring song.
The water elemental hits you!
The water elemental engulfs you in water!
The drowned soul touches you. The drowned soul drowns you!
* * * LOW HITPOINT WARNING * * *
You closely miss the merfolk avatar.
You kick the merfolk avatar, but do no damage.
The merfolk avatar is almost dead.
* * * LOW HITPOINT WARNING * * *
Your lungs strain for air!
The harpy claws you but does no damage. The harpy claws you.
* * * LOW HITPOINT WARNING * * *
The merfolk avatar chants its luring song.
The water elemental hits you!
* * * LOW HITPOINT WARNING * * *
The merfolk hits you from afar with a +0 trident!
You die...

.............≈....
≈≈≈.......##..≈.... ≈≈
≈≈≈≈≈≈..≈.≈...≈.... ≈≈≈
≈≈≈≈≈≈≈≈≈≈≈≈.≈≈..##..≈≈
≈≈≈≈...≈≈≈≈≈≈.≈≈≈..#.≈≈≈
≈≈≈≈≈...≈≈≈≈(.≈≈≈≈...≈≈≈
≈≈≈≈....≈≈......H≈.≈≈≈≈≈
≈.......≈.....m..≈≈≈≈≈≈≈
....m......###.E@.≈≈≈≈≈≈
..≈≈≈≈.....# #...m≈≈≈≈≈≈
..≈....≈...###...≈≈≈≈≈≈≈
......E..........≈≈≈≈≈≈≈
....≈......≈≈≈.≈≈≈≈≈≈≈≈≈
....≈....!.≈≈≈≈≈≈≈≈≈≈≈≈≈
#.....≈≈≈≈≈≈≈≈≈≈≈≈≈≈≈≈≈≈
.....>.≈≈≈≈≈≈≈≈≈≈≈≈≈≈≈≈≈
..≈≈≈.≈≈≈≈≈≈≈≈≈≈≈


You could see a merfolk avatar (mesmerising), a merfolk, a water elemental and a
harpy.

Vanquished Creatures
  Harold (D:7)
  A merfolk avatar (Shoals:1)
  2 hydras (Lair:3)
  2 harpies (Shoals:1)
  4 black mambas
  3 cane toads
  3 komodo dragons (Lair:3)
  2 rime drakes
  Maggie (D:7)
  6 blink frogs
  2 wyverns (Lair:2)
  15 yaks
  A basilisk (Lair:2)
  A naga (Lair:3)
  10 water moccasins
  2 sky beasts (D:5)
  2 orc warriors
  A black bear (D:5)
  A necrophage (D:7)
  2 ogres
  5 wolves (Lair:2)
  4 centaurs
  A bullfrog (Lair:1)
  A gnoll sergeant (D:5)
  3 scorpions
  A water moccasin skeleton (D:6)
  3 electric eels
  An orc priest (D:4)
  3 hounds
  A gnoll shaman (D:7)
  3 iguanas (D:5)
  2 orc wizards (D:6)
  A hound zombie (D:4)
  A howler monkey zombie (D:5)
  18 gnolls
  2 adders
  A white imp (D:7)
  An ufetubus (D:4)
  3 worms
  A dart slug (D:4)
  19 orcs
  6 ball pythons
  4 bats
  4 endoplasms
  10 giant cockroaches (D:3)
  7 goblins
  11 hobgoblins
  11 jackals
  8 kobolds
  A quokka (D:1)
  3 frilled lizards
  6 rats
208 creatures vanquished.

Vanquished Creatures (others)
  4 fungi
  11 plants
15 creatures vanquished.

Grand Total: 223 creatures vanquished

Notes
Turn   | Place    | Note
-------+----------+-------------------------------------------
     0 | D:1      | kopcap1349 the Minotaur Berserker began the quest for the
                  | Orb.
     0 | D:1      | Reached XP level 1. HP: 19/19 MP: 0/0
   255 | D:1      | Reached XP level 2. HP: 16/27 MP: 1/1
  1297 | D:2      | Reached XP level 3. HP: 33/33 MP: 2/2
  1662 | D:2      | You fall into a shaft and drop 1 floor!
  1698 | D:3      | Reached ** piety under Trog
  2041 | D:3      | Reached XP level 4. HP: 36/40 MP: 3/3
  2043 | D:3      | Reached skill level 5 in Axes
  2408 | D:4      | Noticed an orc warrior
  2412 | D:4      | Reached XP level 5. HP: 46/47 MP: 4/4
  2413 | D:4      | Reached *** piety under Trog
  2422 | D:4      | Killed an orc warrior
  2423 | D:4      | Reached skill level 1 in Polearms
  2427 | D:4      | Reached XP level 6. HP: 52/55 MP: 5/5
  2550 | D:4      | Reached skill level 5 in Fighting
  2552 | D:4      | Reached skill level 2 in Polearms
  2921 | D:5      | Entered Level 5 of the Dungeon
  2930 | D:5      | Reached skill level 3 in Polearms
  2947 | D:5      | Noticed a sky beast
  2961 | D:5      | Noticed a sky beast
  3030 | D:5      | Killed a sky beast
  3031 | D:5      | Reached skill level 4 in Polearms
  3031 | D:5      | Reached XP level 7. HP: 54/61 MP: 6/6
  3044 | D:5      | Reached skill level 5 in Polearms
  3146 | D:5      | Reached skill level 6 in Polearms
  3146 | D:5      | Reached skill level 5 in Armour
  3216 | D:5      | Reached XP level 8. HP: 60/70 MP: 7/7
  3803 | D:6      | Reached skill level 7 in Polearms
  3861 | D:6      | Found a sacrificial altar of Ru.
  4054 | D:6      | Found a shadowy altar of Dithmenos.
  4097 | D:6      | Found a transporter.
  4104 | D:6      | Found a staircase to the Ecumenical Temple.
  4264 | D:6      | Found a transporter.
  4319 | Temple   | Entered the Ecumenical Temple
  4637 | D:6      | Reached skill level 8 in Polearms
  4799 | D:6      | Identified the +0 ring mail "Basosug" {Will+ Int+2}
  5031 | D:7      | Noticed Maggie
  5051 | D:7      | Killed Maggie
  5052 | D:7      | Reached XP level 9. HP: 62/78 MP: 8/8
  5402 | D:7      | Noticed Harold
  5429 | D:7      | Killed Harold
  5430 | D:7      | Reached skill level 9 in Polearms
  5430 | D:7      | Reached skill level 1 in Stealth
  5548 | D:7      | Reached skill level 10 in Polearms
  5747 | D:7      | Found a radiant altar of Vehumet.
  5865 | D:7      | Found a white marble altar of Elyvilon.
  6152 | D:8      | Found a staircase to the Lair.
  6162 | Lair:1   | Entered Level 1 of the Lair of Beasts
  6449 | Lair:1   | Reached XP level 10. HP: 88/89 MP: 9/9
  6636 | Lair:1   | Reached skill level 11 in Polearms
  6911 | Lair:1   | Noticed a cane toad
  6925 | Lair:1   | Killed a cane toad
  7686 | Lair:2   | Reached skill level 12 in Polearms
  7686 | Lair:2   | Reached skill level 5 in Dodging
  8060 | Lair:2   | Noticed a black mamba
  8083 | Lair:2   | Killed a black mamba
  8084 | Lair:2   | Reached skill level 10 in Fighting
  8482 | Lair:2   | Reached XP level 11. HP: 91/99 MP: 10/10
  9039 | Lair:3   | Found a staircase to the Shoals.
  9204 | Lair:3   | Reached skill level 13 in Polearms
  9361 | Lair:3   | Noticed a five-headed hydra
  9362 | Lair:3   | Found a staircase to the Snake Pit.
  9369 | Lair:3   | Killed a five-headed hydra
 10061 | Lair:3   | Noticed a five-headed hydra
 10071 | Lair:3   | Killed a five-headed hydra
 10072 | Lair:3   | Reached skill level 14 in Polearms
 10327 | Shoals:1 | Entered Level 1 of the Shoals
 10337 | Shoals:1 | Found Obybresy's Distillery.
 10347 | Shoals:1 | Bought a potion of mutation for 112 gold pieces
 10347 | Shoals:1 | Gained mutation: You are partially covered in iridescent
                  | scales. (AC +2) [potion of mutation]
 10347 | Shoals:1 | Gained mutation: You are occasionally teleported next to
                  | monsters. [potion of mutation]
 10347 | Shoals:1 | Gained mutation: Your natural rate of healing is unusually
                  | fast. [potion of mutation]
 10347 | Shoals:1 | Gained mutation: You have large cloven feet. [potion of
                  | mutation]
 10376 | Shoals:1 | Noticed a merfolk avatar
 10400 | Shoals:1 | Killed a merfolk avatar
 10400 | Shoals:1 | Noticed a harpy
 10400 | Shoals:1 | Noticed a harpy
 10400 | Shoals:1 | Noticed a harpy
 10400 | Shoals:1 | Noticed a harpy
 10400 | Shoals:1 | Noticed a merfolk avatar
 10400 | Shoals:1 | Noticed a merfolk avatar
 10401 | Shoals:1 | Reached skill level 10 in Armour
 10402 | Shoals:1 | Killed a harpy
 10405 | Shoals:1 | Killed a harpy
 10426 | Shoals:1 | Slain by a merfolk

Illustrated notes

Levels and vault maps discovered:
D:1:      nicolae_arrival_memento_mori, layout_loops_ring, minmay_crystal_water
D:2:      layout_loops_cross, chequers_ecumenical_altar_island,
          skrybe_limestone_x
D:3:      minmay_roachtagon, layout_rooms, chequers_serial_rivers_marsh,
          kennysheep_generic_room_2
D:4:      layout_rooms, hangedman_abyss_or_decor_lesser_grid,
          minmay_misc_feat_rows
D:5:      layout_cave_pools
D:6:      gammafunk_steamed_eel, layout_basic, nicolae_ru_awakened_eye,
          grunt_dithmenos_smoke_and_mirrors, minmay_temple_entry_gardened_gates
D:7:      layout_basic, mainiacjoe_overflow_chevrons,
          nicolae_overflow_hidden_temple, uniq_harold, uniq_maggie
D:8:      layout_gridville, chei_slow_surprise, gammafunk_temple_overflow_claw,
          lair_entry_dummy, enter_bailey_5, serial_shops,
          nicolae_shop_behind_doors, serial_bayou_lagoon_a
Temple:   chequers_temple_sunken
Lair:1:   layout_cave_pods, st_stairs_10, serial_bayou_shore_a,
          grunt_megastairs_4
Lair:2:   layout_small_grid, fungi_pond_lemuel
Lair:3:   layout_misc_corridors, shoals_dummy_entry,
          guppyfry_snake_entry_island, serial_bayou_ford_a
Shoals:1: layout_shoals, serial_shops, shop, nicolae_shoals_land_atoll

Skill      XL: |  1  2  3  4  5  6  7  8  9 10 11 |
---------------+----------------------------------+-----
Fighting       | 4 5 6 8 10 11 | 11.5
Axes           | 4 5 6 |  6.3
Polearms       | 1 4 6 8 10 12 14 | 14.3
Armour         | 3 4 5 7 8 9 10 | 10.0
Dodging        | 3 4 5 7 |  7.2
Stealth        | 1 3 |  3.0

Action                   |  1- 3 |  4- 6 |  7- 9 | 10-12 || total
-------------------------+-------+-------+-------+-------++-------
Melee: Hand axe          |    53 |       |       |       ||    53
       Headbutt          |    14 |    16 |    27 |    50 ||   107
       Broad axe         |    40 |     1 |       |       ||    41
       Trident           |       |    98 |   183 |   287 ||   568
       Kick              |       |       |       |    10 ||    10
Invok: Trog's Hand       |       |     5 |     9 |    10 ||    24
       Berserk           |       |     3 |     6 |     4 ||    13
  Use: Scroll            |     5 |     2 |     3 |     3 ||    13
       Potion            |     5 |       |     2 |     1 ||     8
 Stab: Sleeping          |       |       |       |     3 ||     3
Armor: Animal skin       |     7 |       |       |       ||     7
       Robe              |     9 |       |       |       ||     9
       Ring mail         |       |     5 |       |       ||     5
       Chain mail        |       |    37 |    28 |       ||    65
       Plate armour      |       |       |    17 |       ||    17
       Acid dragon scale |       |       |    17 |    74 ||    91
Dodge: Dodged            |    68 |    68 |    89 |   122 ||   347
